 Dungeon Crawl Stone Soup version 0.24.0-123-gd5b16e6ec5 (webtiles) character file.

Game seed: 11034547812034007695, levelgen mode: deterministic

35543 Descartes the Covert (level 13, -1/49 HPs)
             Began as a Spriggan Wizard on Dec 25, 2019.
             Slain by Frances
             ... wielding a +0 mace
              (9 damage)
             ... on level 14 of the Dungeon.
             The game lasted 01:58:52 (26161 turns).

Descartes the Covert (Spriggan Wizard)             Turns: 26161, Time: 01:58:54

Health: -1/49      AC: 12    Str:  4    XL:     13   Next: 48%
Magic:  27/27      EV: 36    Int: 24    God:
Gold:   284        SH: 18    Dex: 21    Spells: 11/31 levels left

rFire    + . .     SeeInvis +   a - +2 dagger (elec)
rCold    . . .     Gourm    .   E - +1 buckler
rNeg     . . .     Faith    .   h - +4 robe "Zaggekh" {rF+ Dex+5}
rPois    +         Spirit   .   T - +3 crown of Dyrovepreva {rElec Int+2 SInv}
rElec    +         Reflect  +   v - +2 cloak {rPois}
rCorr    .         Harm     .   (gloves unavailable)
MR       ++...                  (boots unavailable)
Stlth    +++++.....             Q - brooch of Shielding {Reflect SH+8}
HPRegen  0.16/turn              w - +3 ring of evasion
MPRegen  0.20/turn              Y - +4 ring of evasion

@: very quick
A: very small, unfitting armour, talons 1, see invisible, herbivore, speed 3,
frail 1, slow metabolism 2, MP-powered wands
a: no special abilities


You were on level 14 of the Dungeon.
You were not hungry.

You visited 2 branches of the dungeon, and saw 16 of its levels.

You collected 863 gold pieces.
You spent 579 gold pieces at shops.

Inventory:

Hand Weapons
 a - a +2 dagger of electrocution (weapon)
 b - the +1 hunting sling of Pyromania {speed, Str+3}
   (You found it on level 4 of the Dungeon)

   Attacks with this weapon are significantly faster.
   It affects your strength (+3).
 I - the +2 trident of Forgiveness {venom, rPois}
   (You found it on level 5 of the Dungeon)

   It poisons the flesh of those it strikes.
   It protects you from poison.
 L - a +0 hand crossbow
 O - a +0 shortbow
Missiles
 f - 264 stones (quivered)
 g - 64 bolts
 j - 75 poisoned darts
 l - 55 sling bullets
 q - 4 curare-tipped darts
 s - 539 arrows
 C - 4 silver boomerangs
Armour
 h - the +4 robe "Zaggekh" (worn) {rF+ Dex+5}
   (You took it off an orc priest on level 8 of the Dungeon)

   It affects your dexterity (+5).
   It protects you from fire.
 v - a +2 cloak of poison resistance (worn)
 E - a +1 buckler (worn)
 F - a scarf of repulsion
 T - the +3 crown of Dyrovepreva (worn) {rElec Int+2 SInv}
   (You bought it in a shop on level 7 of the Dungeon)

   It affects your intelligence (+2).
   It insulates you from electricity.
   It lets you see invisible.
Jewellery
 w - a +3 ring of evasion (left hand)
 B - a +1 ring of protection
 Q - the brooch of Shielding (around neck) {Reflect SH+8}
   (You found it on level 8 of the Dungeon)

   [amulet of reflection]

   It shields you and reflects attacks.
   It affects your SH (+8).
 Y - a +4 ring of evasion (right hand)
 Z - the amulet "Adghieh" {Acrobat *Corrode rElec rPois Str+2}
   (You acquired it on level 12 of the Dungeon)

   [amulet of the acrobat]

   It helps you evade while moving and waiting.
   It affects your strength (+2).
   It insulates you from electricity.
   It protects you from poison.
   It may corrode you when you take damage.
Wands
 z - a wand of scattershot (4)
 K - a wand of disintegration (5)
 S - a wand of flame (21)
 U - a wand of polymorph (9)
Scrolls
 c - 6 scrolls of teleportation
 e - 4 scrolls of remove curse
 k - a scroll of enchant armour
 n - 5 scrolls of enchant weapon
 t - a scroll of fear
 x - a scroll of magic mapping
 D - a scroll of silence {unknown}
 G - a scroll of fog
 H - a scroll of vulnerability {unknown}
 P - a scroll of blinking
Potions
 i - 3 potions of heal wounds
 m - 2 potions of agility
 o - 6 potions of curing
 p - 4 potions of brilliance
 r - a potion of flight {unknown}
 u - 5 potions of haste
 A - 2 potions of invisibility
 J - 2 potions of might
 M - 2 potions of berserk rage
 R - 4 potions of lignification
 V - a potion of magic {unknown}
 X - 2 potions of degeneration {unknown}
Miscellaneous
 W - a phial of floods
Comestibles
 d - 25 rations


   Skills:
 - Level 5.0 Short Blades
 - Level 5.0 Slings
 + Level 11.0 Dodging
 + Level 11.9 Stealth
 * Level 6.9 Shields
 + Level 9.8 Spellcasting
 + Level 5.7 Conjurations
 - Level 6.0 Hexes
 - Level 6.1 Charms
   Level 0.7 Summonings
 - Level 6.0 Translocations
 - Level 2.0 Fire Magic
 + Level 3.8 Ice Magic
 - Level 6.0 Air Magic
 - Level 6.0 Poison Magic
 + Level 7.4 Evocations


You had 11 spell levels left.
You knew the following spells:

 Your Spells              Type           Power        Failure   Level  Hunger
a - Magic Dart            Conj           ####         1%          1    None
b - Blink                 Tloc           N/A          1%          2    None
c - Mephitic Cloud        Conj/Pois/Air  #####...     1%          3    None
d - Conjure Flame         Conj/Fire      ####....     3%          3    None
e - Ensorcelled Hibernat  Hex/Ice        #####.       1%          2    None
f - Regeneration          Chrm/Necr      ####......   4%          3    None
g - Shroud of Golubria    Chrm/Tloc      #####.       1%          2    None
h - Throw Icicle          Conj/Ice       ####....     8%          4    #......

Your spell library contained the following spells:

 Spells                   Type           Power        Failure   Level  Hunger
 Slow                     Hex            #####...     1%          2    None
 Stone Arrow              Conj/Erth      ####..       4%          3    None
 Sandblast                Erth           ##....       5%          1    None
 Call Imp                 Summ           ###.....     6%          2    None
 Passwall                 Tmut/Erth      ##......     9%          2    None
 Silence                  Hex/Air        #####.....   13%         5    ####...
 Petrify                  Tmut/Erth      ##......     47%         4    #......
 Darkness                 Hex            #####.....   56%         6    ######.
 Borgnjor's Vile Clutch   Necr/Erth      ##........   83%         5    ####...
 Lee's Rapid Deconstruct  Erth           ##........   83%         5    ####...
 Shadow Creatures         Summ           N/A          99%         6    ######.


Dungeon Overview and Level Annotations

Branches:
Dungeon (15/15)            Temple (1/1) D:6            Lair (0/6) D:11
    Orc (0/2) D:10         Vaults (0/5) D:13         Depths (0/5) D:15

Altars:
Ashenzari
Cheibriados
Dithmenos
Elyvilon
Fedhas
Gozag
Hepliaklqana
Kikubaaqudgha
Makhleb
Nemelex Xobeh
Okawaru
Qazlal
Ru
Sif Muna
Trog
Uskayaw
Vehumet
Wu Jian
Xom
Yredelemnul
Zin
The Shining One

Shops:
D:4 }   D:7 [   D:8 [   D:12 (   D:13 [

Annotations:
D:3 Natasha
D:14 Frances


Innate Abilities, Weirdness & Mutations

You are very small and have problems with some larger weapons.
You are too small for most types of armour.
You have supernaturally acute eyesight. (SInv)
You are a herbivore.
You cover ground extremely quickly.
You need to consume almost no food.
You have sharp toenails.
You are frail. (-10% HP)
You expend magic power (3 MP) to strengthen your wands.


Message History

You hear a howl!
You barely miss Frances.
Frances is heavily wounded.
Frances chants phrases taken from a devil's mouth.
You hit Frances but do no damage. Lightning courses through Frances!
Frances is severely wounded.
You block Frances's attack. You block the chaos spawn's attack.
You hit Frances. Lightning courses through Frances!
Frances is almost dead.
The smoke demon disappears in a puff of smoke!
You closely miss Frances. You claw Frances, but do no damage.
Frances is almost dead.
You block the chaos spawn's attack. Frances completely misses you.
You hit Frances.
Frances is almost dead.
You block the chaos spawn's attack.
The soul eater draws from the surrounding life force!
* * * LOW HITPOINT WARNING * * *
Frances hits you with a +0 mace!
You die...

##)..###.##....#.### ,
##......###.=.#... ,
#.).##### #...#.#####.#*
#...# #...........#
#...##**####....#####.#
#....., ..............#
##....# #.##.#..#####..
.......,...##.##........,
................@#####.$,
...........#####4@3.....
##....# #3#.#.... ..... ,
..#.# ## ..## ### # ,.# ,
, .# , * ,


You could see Frances, 2 soul eaters and a chaos spawn.

Vanquished Creatures
  Gastronok (D:11)
  The ghost of nano the Transmogrifier, a journeyman NaTm of Cheibriados (D:9)
  4 hydras
  Erolcha (D:9)
  3 centaur warriors
  3 two-headed ogres (D:13)
  Nergalle (D:12)
  2 tengu warriors
  4 unseen horrors
  2 cyclopes (D:13)
  A wolf spider (D:15)
  A spectral centaur (D:9)
  3 ugly things
  2 manticores
  4 centaur zombies
  A gargoyle (D:12)
  A komodo dragon (D:11)
  A komodo dragon (shapeshifter) (D:15)
  2 trolls
  A troll (shapeshifter) (D:13)
  A wind drake (shapeshifter) (D:14)
  The ghost of diiiiiane the Covert, an amateur OpAs (D:5)
  A dream sheep (D:12)
  3 vampires
  A spriggan (shapeshifter) (D:13)
  A wyvern (D:11)
  3 shadows
  25 yaks
  Grum (D:8)
  4 hungry ghosts
  A water moccasin (D:8)
  A phantom (D:5)
  An eye of draining (D:11)
  3 black bears
  9 orc warriors
  A hornet zombie (D:12)
  3 ice beasts
  6 sky beasts
  2 wolves (D:8)
  6 ogres
  11 centaurs
  4 big kobolds
  2 crocodiles
  3 bullfrogs
  A wyvern skeleton (D:6)
  2 scorpions
  22 killer bees
  3 wights
  3 howler monkeys
  A spectral bullfrog (D:9)
  An electric eel (D:8)
  5 crimson imps
  2 bullfrog zombies
  A quasit (D:6)
  4 hounds
  3 jellies
  3 centaur skeletons
  11 orc priests
  A bullfrog skeleton (D:5)
  3 iguanas
  Natasha (twice) (D:3)
  17 orc wizards
  9 worker ants
  A killer bee zombie (D:6)
  A bullfrog simulacrum (D:9)
  A worker ant zombie (D:5)
  A howler monkey skeleton (D:5)
  12 adders
  3 shadow imps
  An ooze (D:6)
  An adder zombie (D:6)
  An adder skeleton (D:5)
  2 worms
  A dart slug (D:3)
  8 leopard geckos
  65 orcs
  3 giant cockroaches
  5 goblins
  A hobgoblin (D:1)
  16 jackals
  11 kobolds
  7 quokkas
  2 ball pythons
  6 bats
  2 frilled lizards
  A jackal zombie (D:5)
  2 quokka skeletons
  A quokka zombie (D:7)
  6 rats
388 creatures vanquished.

Vanquished Creatures (collateral kills)
  A dream sheep (D:12)
  A big kobold (D:12)
  A plant (D:12)
3 creatures vanquished.

Vanquished Creatures (others)
  3 centaur warriors
  A sky beast (D:7)
  3 centaurs
  An orc (D:13)
  5 plants
13 creatures vanquished.

Grand Total: 404 creatures vanquished

Notes
Turn   | Place    | Note
-------+----------+-------------------------------------------
     0 | D:1      | Descartes the Spriggan Wizard began the quest for the Orb.
     0 | D:1      | Reached XP level 1. HP: 9/9 MP: 6/6
   627 | D:1      | Reached XP level 2. HP: 13/13 MP: 4/8
   681 | D:1      | Reached skill level 1 in Conjurations
  1248 | D:2      | Reached XP level 3. HP: 11/16 MP: 0/9
  1379 | D:2      | Found an iron altar of Okawaru.
  1658 | D:2      | Reached XP level 4. HP: 21/21 MP: 7/11
  3205 | D:3      | Reached XP level 5. HP: 24/24 MP: 10/13
  3319 | D:3      | Reached skill level 5 in Spellcasting
  3551 | D:3      | Reached skill level 5 in Stealth
  3926 | D:3      | Found a glowing golden altar of the Shining One.
  4239 | D:4      | Reached skill level 5 in Dodging
  4485 | D:4      | Reached XP level 6. HP: 24/28 MP: 4/15
  4503 | D:4      | Learned a level 2 spell: Blink
  4507 | D:4      | Learned a level 3 spell: Mephitic Cloud
  5230 | D:4      | Got a jewelled hunting sling
  5240 | D:4      | Identified the cursed +1 hunting sling of Pyromania {speed,
                  | Str+3} (You found it on level 4 of the Dungeon)
  5328 | D:4      | Noticed Natasha
  5568 | D:3      | Killed Natasha
  5654 | D:3      | Noticed Natasha
  5664 | D:3      | Killed Natasha
  5664 | D:3      | Reached skill level 1 in Short Blades
  5705 | D:3      | Noticed Natasha
  5765 | D:4      | Found Yllaq's Gadget Shoppe.
  5833 | D:4      | Reached skill level 1 in Air Magic
  5833 | D:4      | Reached skill level 1 in Poison Magic
  5833 | D:4      | Reached XP level 7. HP: 32/32 MP: 16/16
  6074 | D:4      | Reached skill level 1 in Slings
  6128 | D:4      | Learned a level 3 spell: Conjure Flame
  6174 | D:5      | Entered Level 5 of the Dungeon
  6810 | D:5      | Found a runed translucent door.
  6813 | D:5      | Noticed diiiiiane's ghost (amateur OpAs)
  6824 | D:5      | Killed diiiiiane's ghost
  6824 | D:5      | Reached XP level 8. HP: 36/36 MP: 16/18
  7176 | D:5      | Reached skill level 1 in Shields
  7422 | D:5      | Got a shimmering trident
  7423 | D:5      | Identified the cursed +2 trident of Forgiveness {venom,
                  | rPois} (You found it on level 5 of the Dungeon)
  7429 | D:5      | Gained mutation: You are agile. (Dex +2) [potion of
                  | mutation]
  7429 | D:5      | Gained mutation: You are surrounded by a mild repulsion
                  | field. (EV +2) [potion of mutation]
  9411 | D:6      | Reached skill level 1 in Fire Magic
  9411 | D:6      | Reached XP level 9. HP: 39/39 MP: 19/19
  9931 | D:6      | Found a staircase to the Ecumenical Temple.
  9939 | D:6      | Identified the Compendium of Frigorific Augmentations
  9946 | Temple   | Entered the Ecumenical Temple
  9950 | Temple   | Learned a level 2 spell: Ensorcelled Hibernation
  9954 | Temple   | Learned a level 3 spell: Regeneration
  9957 | Temple   | Learned a level 2 spell: Shroud of Golubria
 11125 | D:6      | Found a snail-covered altar of Cheibriados.
 11635 | D:6      | Reached skill level 1 in Charms
 12096 | D:6      | Found a snail-covered altar of Cheibriados.
 12168 | D:6      | Found a staircase to the Ecumenical Temple.
 12218 | D:6      | Reached skill level 1 in Hexes
 12791 | D:7      | Reached skill level 5 in Translocations
 12940 | D:7      | Found Ufogi's Armour Boutique.
 13619 | D:7      | Reached skill level 1 in Evocations
 14718 | D:8      | Found Kobaumov's Armour Boutique.
 14742 | D:8      | Found the brooch of Shielding {Reflect SH+8}
 14841 | D:8      | Noticed Grum
 15525 | D:8      | Found an opulent altar of Gozag.
 15630 | D:7      | Bought the +3 crown of Dyrovepreva {rElec Int+2 SInv} for
                  | 579 gold pieces
 15630 | D:7      | Found the +3 crown of Dyrovepreva {rElec Int+2 SInv}
 15782 | D:8      | Reached XP level 10. HP: 44/44 MP: 16/21
 16039 | D:8      | Killed Grum
 16661 | D:8      | Identified the +4 robe "Zaggekh" {rF+ Dex+5}
 18060 | D:9      | Found a runed translucent gate.
 18060 | D:9      | Found a runed translucent gate.
 18060 | D:9      | Found a runed translucent gate.
 18060 | D:9      | Noticed nano's ghost (journeyman NaTm)
 18061 | D:9      | Noticed a spectral centaur warrior
 18187 | D:9      | You fall into a shaft and drop 3 floors!
 18188 | D:12     | Noticed an eight-headed hydra
 18332 | D:12     | Noticed a centaur warrior
 18332 | D:12     | Noticed a centaur warrior
 18626 | D:11     | Noticed an unseen horror
 18630 | D:11     | Killed an unseen horror
 18679 | D:10     | Entered Level 10 of the Dungeon
 18679 | D:10     | Noticed a brown ugly thing
 19113 | D:8      | Reached skill level 5 in Slings
 19113 | D:8      | Reached XP level 11. HP: 43/47 MP: 23/23
 19355 | D:10     | Noticed Erolcha
 19390 | D:9      | Killed Erolcha
 19399 | D:9      | Learned a level 4 spell: Throw Icicle
 19748 | D:10     | Killed a brown ugly thing
 20141 | D:10     | Found a staircase to the Orcish Mines.
 20960 | D:10     | Found a staircase to the Orcish Mines.
 21078 | D:11     | Noticed Gastronok
 21093 | D:11     | Killed Gastronok
 21093 | D:11     | Reached skill level 5 in Short Blades
 21093 | D:11     | Reached skill level 5 in Charms
 21177 | D:11     | Reached skill level 1 in Ice Magic
 21186 | D:11     | Noticed an unseen horror
 21245 | D:11     | Killed an unseen horror
 21245 | D:11     | Reached skill level 5 in Shields
 21422 | D:11     | Reached skill level 5 in Poison Magic
 21551 | D:11     | Noticed a green ugly thing
 21554 | D:11     | Killed a green ugly thing
 21554 | D:11     | Reached skill level 10 in Stealth
 21711 | D:11     | Noticed a green ugly thing
 21718 | D:11     | Killed a green ugly thing
 21718 | D:11     | Reached skill level 5 in Hexes
 22031 | D:11     | Reached skill level 5 in Evocations
 22495 | D:11     | Found a staircase to the Lair.
 22684 | D:11     | Reached XP level 12. HP: 51/51 MP: 25/25
 23018 | D:9      | Killed nano's ghost
 23548 | D:12     | Noticed a four-headed hydra
 23556 | D:12     | Killed a centaur warrior
 23557 | D:12     | Noticed a tengu warrior
 23564 | D:12     | Killed a four-headed hydra
 23564 | D:12     | Reached skill level 5 in Air Magic
 23581 | D:12     | Killed a tengu warrior
 23617 | D:12     | Killed a centaur warrior
 23737 | D:12     | Killed an eight-headed hydra
 23737 | D:12     | Reached skill level 5 in Conjurations
 23786 | D:12     | Identified a scroll of acquirement
 23787 | D:12     | Got a bound golden amulet
 23789 | D:12     | Identified the amulet "Adghieh" {Acrobat *Corrode rElec
                  | rPois Str+2} (You acquired it on level 12 of the Dungeon)
 23816 | D:12     | Reached skill level 10 in Dodging
 24020 | D:12     | Noticed Nergalle
 24031 | D:12     | Killed Nergalle
 24039 | D:12     | Found Ewyaff's Antique Weapon Emporium.
 24192 | D:12     | Noticed a three-headed hydra
 24221 | D:12     | Killed a three-headed hydra
 24433 | D:13     | Noticed a centaur warrior
 24437 | D:13     | Killed a centaur warrior
 24441 | D:13     | Noticed a centaur warrior
 24445 | D:13     | Noticed a tengu warrior
 24452 | D:13     | Killed a centaur warrior
 24473 | D:13     | Killed a tengu warrior
 24572 | D:13     | Noticed a two-headed ogre
 24579 | D:13     | Killed a two-headed ogre
 24616 | D:13     | Reached XP level 13. HP: 55/55 MP: 27/27
 24706 | D:13     | Found Orallydo's Antique Armour Shoppe.
 25236 | D:13     | Found a gate to the Vaults.
 25828 | D:14     | You fall into a shaft and drop 1 floor!
 25828 | D:15     | Entered Level 15 of the Dungeon
 25973 | D:15     | Found a staircase to the Depths.
 26143 | D:14     | Lost mutation: You are surrounded by a mild repulsion
                  | field. (EV +2) [potion of mutation]
 26143 | D:14     | Gained mutation: Your movements are slightly less
                  | encumbered by armour. (ER -2) [potion of mutation]
 26143 | D:14     | Gained mutation: You are dopey. (Int -2) [potion of
                  | mutation]
 26143 | D:14     | Gained mutation: You passively map a small area around you.
                  | [potion of mutation]
 26144 | D:14     | Lost mutation: You are dopey. (Int -2) [potion of mutation]
 26144 | D:14     | Lost mutation: Your movements are slightly less encumbered
                  | by armour. (ER -2) [potion of mutation]
 26144 | D:14     | Lost mutation: You passively map a small area around you.
                  | [potion of mutation]
 26144 | D:14     | Gained mutation: You tend to lose your temper in combat.
                  | [potion of mutation]
 26144 | D:14     | Gained mutation: You are somewhat resistant to further
                  | mutation. [potion of mutation]
 26145 | D:14     | Lost mutation: You are agile. (Dex +2) [potion of mutation]
 26145 | D:14     | Lost mutation: You tend to lose your temper in combat.
                  | [potion of mutation]
 26145 | D:14     | Lost mutation: You are somewhat resistant to further
                  | mutation. [potion of mutation]
 26145 | D:14     | Gained mutation: You expend magic power (3 MP) to
                  | strengthen your wands. [potion of mutation]
 26145 | D:14     | Gained mutation: You are frail. (-10% HP) [potion of
                  | mutation]
 26145 | D:14     | Gained mutation: You have sharp toenails. [potion of
                  | mutation]
 26146 | D:14     | Noticed Frances
 26161 | D:14     | Slain by Frances

Levels and vault maps discovered:
D:1:      nicolae_arrival_somewhat_less_tricky_arrival, layout_basic
D:2:      layout_rooms, old_standard_altar, first_ration
D:3:      layout_rooms, nicolae_tso_carved_into_rock
D:4:      layout_loops_ring, serial_shops, nicolae_shop_waterfront, uniq_natasha
D:5:      layout_cave_pods, gammafunk_ghost_grave, minmay_misc_feat_x
D:6:      layout_cave_pods, cheibrodos_worm_habitat,
          minmay_temple_entry_offerings, grunt_ministairs_2,
          kennysheep_generic_room_15
D:7:      layout_basic, serial_shops, shop
D:8:      argonaut_augean_stables, layout_cave_pods, nicolae_gozag_seed_capital,
          serial_shops, shop, uniq_grum
D:9:      layout_loops_corners, gammafunk_ghost_necromancy
D:10:     layout_rooms, orc_0_dummy, uniq_erolcha
D:11:     layout_loops_corners, david_lair_shrubbed, uniq_gastronok
D:12:     minmay_bloctagon_deflated, layout_basic, serial_shops, shop,
          hangedman_ranch [blue_anna_fruit_fields],
          eino_small_chamber_without_monster, uniq_nergalle
D:13:     minmay_evil_eye, layout_basic, david_vaults_1, serial_shops,
          nicolae_shop_statue_plus
D:14:     layout_loops_cross, kennysheep_crisscross, minmay_misc_feat_rows,
          eino_small_chamber_without_monster, trog_wizard, uniq_frances
D:15:     hangedman_depths_entry_try_elsewhere_first, layout_basic,
          gammafunk_ghost_necromancy, patterned_corridor, minivault_12,
          uniq_kirke, uniq_nessos
Temple:   dpeg_five_rooms_temple

Skill      XL: |  1  2  3  4  5  6  7  8  9 10 11 12 13 |
---------------+----------------------------------------+-----
Conjurations   | 1 2 3 4 5 |  5.7
Stealth        | 4 5 6 7 8 9 10 11 | 11.9
Dodging        | 4 5 6 7 8 9 10 11 | 11.0
Spellcasting   | 5 6 7 8 9 |  9.8
Translocations | 2 3 4 5 6 |  6.0
Short Blades   | 1 2 3 4 5 |  5.0
Air Magic      | 1 2 3 4 5 6 |  6.0
Poison Magic   | 1 3 4 5 6 |  6.0
Slings         | 2 3 4 5 |  5.0
Shields        | 2 3 4 5 6 |  6.9
Fire Magic     | 1 2 |  2.0
Charms         | 2 4 5 6 |  6.1
Hexes          | 2 3 5 6 |  6.0
Evocations     | 1 3 5 6 7 |  7.4
Ice Magic      | 1 3 |  3.8
Summonings     | |  0.7

Action                   |  1- 3 |  4- 6 |  7- 9 | 10-12 | 13-15 || total
-------------------------+-------+-------+-------+-------+-------++-------
Melee: Dagger            |       |    25 |   319 |   662 |   181 ||  1187
       Kick              |       |       |       |       |     2 ||     2
 Fire: Hunting sling     |       |    37 |   327 |   794 |    74 ||  1232
 Cast: Magic Dart        |    60 |   235 |   251 |   113 |       ||   659
       Conjure Flame     |       |       |     2 |    56 |    11 ||    69
       Regeneration      |       |       |     1 |     1 |       ||     2
       Mephitic Cloud    |       |       |     1 |       |       ||     1
  Use: Scroll            |     2 |     2 |    10 |    11 |     2 ||    27
       Potion            |       |       |     2 |       |     4 ||     6
 Stab: Sleeping          |       |       |     1 |    25 |    10 ||    36
       Distracted        |       |       |       |     1 |       ||     1
  Eat: Ration            |       |     1 |     5 |     4 |     1 ||    11
Armor: Robe              |     1 |     5 |    16 |    29 |     4 ||    55
       Troll leather arm |       |       |       |     3 |       ||     3
Dodge: Dodged            |    10 |    85 |   399 |   378 |    91 ||   963
       Deflected         |       |       |    12 |     9 |       ||    21
Block: Other             |       |    14 |    72 |    66 |       ||   152
       Reflection        |       |     2 |     7 |    28 |    19 ||    56
       Buckler           |       |       |       |   331 |   139 ||   470
